 Dungeon Sprint DCSS version 0.20-a0-1078-g4874019 (webtiles) character file.

26051 Nobokod the Draconian Aeon (level 12, -9/110 HPs)
             Began as a White Draconian Monk on Apr 30, 2017.
             Was the Champion of Cheibriados.
             Mangled by a ghost moth (17 damage)
             ... in the Dungeon (Sprint IX: "|||||||||||||||||||||||||||||").
             The game lasted 00:07:27 (3370 turns).

Nobokod the Draconian Aeon (White Draconian Monk)   Turns: 3370, Time: 00:07:28

Health: -9/110     AC:  7    Str: 29 (31) XL:     12   Next: 94%
Magic:  1/25       EV: 23    Int: 24 (25) God:    Cheibriados [******]
Gold:   796        SH:  0    Dex: 26 (28) Spells: 11/11 levels left

rFire    . . .     SeeInvis .     - Unarmed
rCold    + . .     Gourm    .   (no shield)
rNeg     . . .     Faith    .   (armour unavailable)
rPois    +         Spirit   .   (helmet restricted)
rElec    .         Reflect  .   x - +0 cloak of Feuppump {+Inv MR+ Str+5 Dex-5} (curse)
rCorr    .         Harm     .   t - +0 pair of gloves
MR       +....     NoTele   +   w - +2 pair of boots {Stlth+}
Stlth    +++++.....             v - amulet of regeneration
Regen    0.7/turn               k - +2 ring of protection
MPRegen  0.2/turn               u - ring of poison resistance

@: corroded, very slow
A: breathe frost, unfitting armour, cold resistance 1, dopey 1, sense
surroundings 1, weak 1, cold-blooded, AC +8
a: Breathe Frost, Bend Time, Temporal Distortion, Slouch, Step From Time,
Renounce Religion, Evoke Invisibility


You were in the Dungeon.
You worshipped Cheibriados.
Cheibriados was exalted by your worship.
You were not hungry.

You visited 1 branch You collected 1937 gold pieces.
You spent 1141 gold pieces at shops.

Inventory:

Armour
 t - a +0 pair of gloves (worn)
 w - a +2 pair of boots of stealth (worn)
 x - the cursed +0 cloak of Feuppump (worn) {+Inv MR+ Str+5 Dex-5}
   (You bought it in a shop in the Dungeon)

   It affects your strength (+5).
   It affects your dexterity (-5).
   It affects your resistance to hostile enchantments.
   It lets you turn invisible.
   It has a curse placed upon it.
Jewellery
 k - a +2 ring of protection (left hand)
 l - an uncursed ring of protection from magic
 s - an uncursed ring of ice
 u - a ring of poison resistance (right hand)
 v - an amulet of regeneration (around neck)
Wands
 j - a wand of iceblast (5/15)
 A - a wand of scattershot (6/9)
Scrolls
 g - 5 scrolls of blinking
 h - 5 scrolls of remove curse
 i - 2 scrolls of amnesia
 n - 4 scrolls of identify
 o - 4 scrolls of enchant armour
 p - 2 scrolls of recharging
 y - a scroll of enchant weapon
Potions
 b - 9 potions of curing
 c - 6 potions of heal wounds
 d - a potion of haste
 e - 4 potions of magic
 f - a potion of invisibility
 z - a potion of resistance
Books
 q - a book of Flames

   Spells                             Type                      Level
   a - Flame Tongue                   Conjuration/Fire             1
   b - Throw Flame                    Conjuration/Fire             2
   c - Conjure Flame                  Conjuration/Fire             3
   d - Inner Flame                    Hexes/Fire                   3
   e - Sticky Flame                   Conjuration/Fire             4
   f - Fireball                       Conjuration/Fire             5
Comestibles
 a - 12 bread rations
 m - 40 fruits
 r - 12 meat rations


   Skills:
 + Level 11.5 Fighting
 + Level 10.4 Dodging
 + Level 7.1 Stealth
 * Level 19.1 Unarmed Combat
 + Level 19.8 Invocations
 + Level 12.2 Evocations


You had 11 spell levels left.
You didn't know any spells.

Dungeon Overview and Level Annotations

Branches:
Dungeon (1/1)

Altars:
Cheibriados
Dithmenos
Elyvilon
Fedhas
Gozag
Hepliaklqana
Kikubaaqudgha
Makhleb
Nemelex Xobeh
Okawaru
Qazlal
Ru
Sif Muna
Trog
Uskayaw
Vehumet
Wu Jian
Xom
Yredelemnul
Zin
The Shining One
Beogh
Jiyva
Lugonu

Shops:
D ?[?=


Innate Abilities, Weirdness & Mutations

You can breathe waves of freezing cold.
You can buffet flying creatures when you breathe cold.
Your icy white scales are hard. (AC +8)
You cannot fit into any form of body armour.
Your flesh is cold resistant. (rC+)
You are cold-blooded and may be slowed by cold attacks.
You are dopey. (Int -2)
You passively map a small area around you.
You are weak. (Str -2)


Message History

The jumping spider leaps!
You feel you are being watched by something.
Something closely misses you. Something hits you but does no damage.
Something barely misses you.
You feel you are being watched by something.
Something closely misses you. Something hits you.
* * * LOW HITPOINT WARNING * * *
Something stings you!
* * * LOW HITPOINT WARNING * * *
The jumping spider leaps!
You completely miss something.
You feel you are being watched by something.
Something hits you.
* * * LOW HITPOINT WARNING * * *
You feel clumsy. Something hits you.
* * * LOW HITPOINT WARNING * * *
Something misses you.
The jumping spider leaps!
You closely miss something. You punch something. Something hits you!
You die...

▓.............)).).))))))...'))
▓▓▓▓▓▓▓▓▓▓▓▓▓▓▓▓▓▓▓▓▓▓▓▓▓▓▓▓▓▓▓
▓..............................
▓.▓▓▓▓▓▓▓▓▓▓▓▓▓▓▓▓▓▓▓▓▓▓▓▓▓▓▓▓▓
▓.........'..==.)))))))).[[[[[[
▓▓▓▓▓▓▓▓▓▓▓▓▓▓▓▓▓▓▓▓▓▓▓▓▓▓▓▓▓▓▓
▓..............................
▓.▓▓▓▓▓▓▓▓▓▓▓▓▓▓▓▓▓▓▓▓▓▓▓▓▓▓▓▓▓
▓......s..§..§@.ass.s.... ,,
▓▓▓▓▓▓▓▓▓▓▓▓▓▓▓▓▓▓▓▓▓▓▓▓▓ * , ,
,, ,, , , ** * * * * * , , ,, ,
, , , , ,, *** * * ** ** * , ,
, , , * * * * * * ,


You could see an entropy weaver, a demonic crawler, a jumping spider, a
tarantella and a redback.

Vanquished Creatures
  Rupert (D)
  A stone giant (D)
  2 dire elephants (D)
  A spark wasp (D)
  2 fire dragons (D)
  2 hydras (D)
  A centaur warrior (D)
  Erica (D)
  7 orc high priests (D)
  An unseen horror (D)
  A death drake (shapeshifter) (D)
  A wizard (D)
  2 orc knights (D)
  A wolf spider (D)
  A deep elf mage (D)
  2 ugly things (D)
  2 orc sorcerers (D)
  An orb spider (D)
  7 elephants (D)
  Maurice (D)
  A komodo dragon (D)
  A spiny frog (D)
  A tengu conjurer (D)
  A jumping spider (D)
  A troll (D)
  A blink frog (D)
  A hippogriff (D)
  A wyvern (D)
  A basilisk (D)
  3 yaks (D)
  A naga (shapeshifter) (D)
  3 water moccasins (D)
  A porcupine (D)
  4 orc warriors (D)
  A sky beast (D)
  2 crocodiles (D)
  4 bullfrogs (D)
  A wight (D)
  A crimson imp (D)
  A hound (D)
  15 orc priests (D)
  4 orc wizards (D)
  2 worker ants (D)
  2 adders (D)
  An adder simulacrum (D)
  7 orcs (D)
  A bat (D)
  3 goblins (D)
  A jackal (D)
  2 ball pythons (D)
107 creatures vanquished.

Notes
Turn   | Place    | Note
-------+----------+-------------------------------------------
     0 | D        | Nobokod the Draconian Monk began the quest for the Orb.
     0 | D        | Reached XP level 1. HP: 19/19 MP: 1/1
   204 | D        | Noticed a worker ant
   204 | D        | Noticed a crimson imp
   204 | D        | Noticed a worker ant
   209 | D        | Killed a crimson imp
   209 | D        | Reached XP level 2. HP: 26/26 MP: 2/2
   209 | D        | Reached XP level 3. HP: 31/31 MP: 3/3
   217 | D        | Reached XP level 4. HP: 38/38 MP: 4/4
   224 | D        | Found a roughly hewn altar of Beogh.
   224 | D        | Found a snail-covered altar of Cheibriados.
   224 | D        | Found a shadowy altar of Dithmenos.
   224 | D        | Found a white marble altar of Elyvilon.
   224 | D        | Found a blossoming altar of Fedhas.
   224 | D        | Found an opulent altar of Gozag.
   225 | D        | Found a hazy altar of Hepliaklqana.
   226 | D        | Found a viscous altar of Jiyva.
   227 | D        | Found an ancient bone altar of Kikubaaqudgha.
   228 | D        | Found a corrupted altar of Lugonu.
   229 | D        | Found a burning altar of Makhleb.
   230 | D        | Found a sparkling altar of Nemelex Xobeh.
   231 | D        | Found an iron altar of Okawaru.
   232 | D        | Found a stormy altar of Qazlal.
   233 | D        | Found a sacrificial altar of Ru.
   234 | D        | Found a deep blue altar of Sif Muna.
   242 | D        | Became a worshipper of Cheibriados the Contemplative
   242 | D        | Reached * piety under Cheibriados
   242 | D        | Reached ** piety under Cheibriados
   250 | D        | Found a bloodstained altar of Trog.
   251 | D        | Found a hide-covered altar of Uskayaw.
   252 | D        | Found a radiant altar of Vehumet.
   253 | D        | Found an ornate altar of the Wu Jian Council.
   254 | D        | Found a shimmering altar of Xom.
   255 | D        | Found a basalt altar of Yredelemnul.
   256 | D        | Found a glowing silver altar of Zin.
   257 | D        | Found a glowing golden altar of the Shining One.
   283 | D        | Noticed a sky beast
   283 | D        | Noticed a bullfrog
   291 | D        | Reached skill level 1 in Invocations
   296 | D        | Killed a sky beast
   296 | D        | Reached *** piety under Cheibriados
   296 | D        | Reached skill level 5 in Fighting
   296 | D        | Reached skill level 10 in Unarmed Combat
   296 | D        | Reached XP level 5. HP: 32/48 MP: 4/7
   302 | D        | Reached XP level 6. HP: 38/56 MP: 4/9
   303 | D        | Reached **** piety under Cheibriados
   505 | D        | Noticed a komodo dragon
   505 | D        | Noticed a yak
   505 | D        | Noticed a deep elf mage
   505 | D        | Noticed a death drake
   505 | D        | a komodo dragon changed into a death drake
   507 | D        | Killed an unseen horror
   507 | D        | Your scales start taking on an icy white colour.
   507 | D        | Reached XP level 7. HP: 60/67 MP: 9/12
   507 | D        | Gained mutation: Your flesh is cold resistant. (rC+) [White Draconian growth]
   507 | D        | Reached ***** piety under Cheibriados
   514 | D        | Killed a death drake
   514 | D        | Reached XP level 8. HP: 59/75 MP: 4/13
   519 | D        | Killed a deep elf mage
   785 | D        | Gained mutation: You possess an exceptional clarity of mind. [potion of mutation]
   785 | D        | Gained mutation: You passively map a small area around you. [potion of mutation]
   786 | D        | Lost mutation: You possess an exceptional clarity of mind. [potion of mutation]
   786 | D        | Lost mutation: You passively map a small area around you. [potion of mutation]
   786 | D        | Gained mutation: Your spells are a little harder to cast, but a little more powerful. [potion of mutation]
   786 | D        | Gained mutation: You have supernaturally acute eyesight. (SInv) [potion of mutation]
   786 | D        | Gained mutation: You possess an exceptional clarity of mind. [potion of mutation]
   787 | D        | Lost mutation: You possess an exceptional clarity of mind. [potion of mutation]
   787 | D        | Lost mutation: Your spells are a little harder to cast, but a little more powerful. [potion of mutation]
   787 | D        | Lost mutation: You have supernaturally acute eyesight. (SInv) [potion of mutation]
   787 | D        | Gained mutation: You are weak. (Str -2) [potion of mutation]
   787 | D        | Gained mutation: You are dopey. (Int -2) [potion of mutation]
   787 | D        | Gained mutation: You passively map a small area around you. [potion of mutation]
   791 | D        | Reached XP level 9. HP: 84/84 MP: 15/15
   791 | D        | Reached ****** piety under Cheibriados
   791 | D        | Reached skill level 5 in Stealth
   799 | D        | Noticed a komodo dragon
   810 | D        | Killed a komodo dragon
   810 | D        | Reached skill level 10 in Fighting
   822 | D        | Reached skill level 15 in Unarmed Combat
   822 | D        | Reached skill level 10 in Invocations
  1111 | D        | Noticed an elephant
  1111 | D        | Noticed a four-headed hydra
  1111 | D        | Noticed a spiny frog
  1113 | D        | Noticed a four-headed hydra
  1115 | D        | Killed a spiny frog
  1120 | D        | Killed an elephant
  1120 | D        | Reached XP level 10. HP: 55/93 MP: 1/18
  1122 | D        | Killed a four-headed hydra
  1126 | D        | Killed a four-headed hydra
  1526 | D        | Noticed an elephant
  1526 | D        | Noticed a dire elephant
  1526 | D        | Noticed a dire elephant
  1526 | D        | Noticed an elephant
  1526 | D        | Noticed an elephant
  1526 | D        | Noticed an elephant
  1527 | D        | Noticed an elephant
  1532 | D        | Killed an elephant
  1538 | D        | Killed a dire elephant
  1538 | D        | Killed an elephant
  1538 | D        | Killed an elephant
  1538 | D        | Killed an elephant
  1538 | D        | Reached XP level 11. HP: 14/101 MP: 5/22
  1544 | D        | Killed a dire elephant
  1544 | D        | Reached skill level 15 in Invocations
  1547 | D        | HP: 5/101 [elephant (5)]
  1983 | D        | Noticed Erica
  1991 | D        | Killed Erica
  2196 | D        | Noticed an orc knight
  2196 | D        | Noticed an orc sorcerer
  2196 | D        | Noticed an orc high priest
  2201 | D        | Killed an orc sorcerer
  2202 | D        | Noticed an orc sorcerer
  2204 | D        | Killed an orc knight
  2204 | D        | Killed an orc high priest
  2207 | D        | Noticed an orc knight
  2209 | D        | Killed an orc sorcerer
  2219 | D        | Killed an orc knight
  2487 | D        | Found Mevotsed's Magic Scroll Emporium.
  2487 | D        | Noticed an orc high priest
  2487 | D        | Noticed an orc high priest
  2490 | D        | Noticed an orc high priest
  2491 | D        | Killed an orc high priest
  2491 | D        | Reached skill level 10 in Dodging
  2492 | D        | Noticed a sixfirhy
  2494 | D        | Killed an orc high priest
  2507 | D        | Killed an orc high priest
  2508 | D        | Found Beovaas's Antique Armour Shoppe.
  2549 | D        | Found Cudov's Magic Scroll Emporium.
  2552 | D        | Found Xaomn's Jewellery Shoppe.
  2553 | D        | Noticed an orc high priest
  2555 | D        | Noticed an orc high priest
  2561 | D        | Killed an orc high priest
  2561 | D        | Reached XP level 12. HP: 66/110 MP: 14/25
  2562 | D        | Noticed an orc high priest
  2563 | D        | Killed an orc high priest
  2574 | D        | Killed an orc high priest
  2616 | D        | Bought an uncursed ring of poison resistance for 200 gold pieces
  2616 | D        | Bought an uncursed amulet of regeneration for 300 gold pieces
  2620 | D        | Bought a pair of glowing boots for 240 gold pieces
  2620 | D        | Bought a smoking cloak for 304 gold pieces
  2622 | D        | Bought a scroll of enchant weapon for 97 gold pieces
  2632 | D        | Identified the cursed +0 cloak of Feuppump {+Inv MR+ Str+5 Dex-5} (You bought it in a shop in the Dungeon)
  2895 | D        | Noticed a centaur warrior
  2897 | D        | Reached skill level 1 in Evocations
  2898 | D        | Killed a centaur warrior
  2900 | D        | Noticed a fire dragon
  2900 | D        | Reached skill level 5 in Evocations
  2903 | D        | Noticed a fire dragon
  2907 | D        | Noticed a spark wasp
  2909 | D        | Killed a fire dragon
  2909 | D        | Killed a spark wasp
  2910 | D        | Noticed a stone giant
  2912 | D        | Killed a fire dragon
  2912 | D        | Reached skill level 10 in Evocations
  2920 | D        | Killed a stone giant
  3131 | D        | Noticed Maurice
  3138 | D        | Killed Maurice
  3146 | D        | Noticed Rupert
  3160 | D        | Killed Rupert
  3347 | D        | Noticed an entropy weaver
  3370 | D        | Mangled by a ghost moth

Vault maps used:
D:        linesprint

Skill      XL: |  1  2  3  4  5  6  7  8  9 10 11 12 |
---------------+-------------------------------------+-----
Unarmed Combat | 7 9 10 12 13 15 17 18 19 | 19.1
Dodging        | 4 6 7 9 10 | 10.4
Stealth        | 2 3 4 5 6 7 |  7.1
Invocations    | 3 4 6 7 8 11 14 18 19 | 19.8
Fighting       | 5 7 8 9 10 11 | 11.5
Evocations     | 12 | 12.2

Action                   |  1- 3 |  4- 6 |  7- 9 | 10-12 || total
-------------------------+-------+-------+-------+-------++-------
Melee: Unarmed           |    29 |    19 |    32 |   135 ||   215
       Tailslap          |     1 |     4 |     9 |    42 ||    56
       Punch             |     1 |     1 |     5 |    25 ||    32
Invok: Slouch            |       |       |     6 |    22 ||    28
 Abil: Breathe Frost     |       |       |     3 |     9 ||    12
       Evoke Invisibilit |       |       |       |     2 ||     2
Evoke: Wand              |       |     2 |       |       ||     2
  Use: Potion            |     1 |       |     3 |     1 ||     5
 Stab: Sleeping          |       |       |       |     2 ||     2
       Invisible         |       |       |       |     1 ||     1
  Eat: Chunk             |       |       |       |     6 ||     6
       Bread ration      |       |       |       |     1 ||     1
Armor: Skin              |     5 |     6 |     1 |    34 ||    46
Dodge: Dodged            |    16 |     7 |    21 |   116 ||   160
